3AAA
HAMILTON COYOTES @ HOUSTON BC
05/20/2022
 
TOP OF THE 1ST
Hamilton Coyotes batting - Pitching for Houston BC : RHP Lester Sullivan
Pitching: RHP Lester Sullivan
Batting: RHB Ben Daniel 0-0: Called Strike
0-1: Foul Ball, location: 2F
0-2: Ball
1-2: Foul Ball, location: 2F
1-2: Ball
2-2: Strikes out looking
Batting: RHB Barry Welch 0-0: Ball
1-0: Ball
2-0: Fly out, F5 (Popup, 5L)
Batting: RHB Ralph May 0-0: Ball
1-0: Called Strike
1-1: Ball
2-1: Ball
3-1: Foul Ball, location: 2F
3-2: TRIPLE (Flyball, 78D)
Batting: RHB Carlos Mercado 0-0: Fly out, F9 (Flyball, 9M)
Top of the 1st over - 0 run(s), 1 hit(s), 0 error(s), 1 left on base; Hamilton 0 - Houston 0
BOTTOM OF THE 1ST
Houston BC batting - Pitching for Hamilton Coyotes : RHP R.J. Good
Pitching: RHP R.J. Good
Batting: RHB José Muńóz 0-0: Called Strike
0-1: Ball
1-1: Foul Ball, location: 2F
1-2: Strikes out swinging
Batting: RHB Randy Gregory 0-0: Ball
1-0: Ball
2-0: Ball
3-0: Base on Balls
Batting: LHB Yun Yen 0-0: Ball
1-0: Called Strike
1-1: Ball
2-1: Grounds into double play, 4-6-3 (Groundball, 4M)
Bottom of the 1st over - 0 run(s), 0 hit(s), 0 error(s), 0 left on base; Hamilton 0 - Houston 0
TOP OF THE 2ND
Hamilton Coyotes batting - Pitching for Houston BC : RHP Lester Sullivan
Batting: RHB Quinn Johnson 0-0: Ball
1-0: SINGLE (Groundball, 6D)
Batting: LHB Lance Schiffer 0-0: Ball
1-0: Ball
2-0: Ball
3-0: Called Strike
3-1: Swinging Strike
3-2: Strikes out swinging
Quinn Johnson is caught stealing 2nd base
Batter strikes out.
Batting: RHB Dan Holliday 0-0: Swinging Strike
0-1: Fly out, F8 (Flyball, 8RM)
Top of the 2nd over - 0 run(s), 1 hit(s), 0 error(s), 0 left on base; Hamilton 0 - Houston 0
BOTTOM OF THE 2ND
Houston BC batting - Pitching for Hamilton Coyotes : RHP R.J. Good
Batting: LHB Jesús Reyes 0-0: Ball
1-0: Ball
2-0: SINGLE (Groundball, 4M)
Batting: RHB Micah Miller 0-0: Called Strike
0-1: Fly out, F9 (Line Drive, 9M)
Batting: LHB António Rivera 0-0: Ball
1-0: Ball
2-0: Ball
3-0: Base on Balls
Jesús Reyes to second
Batting: RHB Ludovico Trezza 0-0: Called Strike
0-1: Foul Ball, location: 2F
0-2: Ball
1-2: Foul Ball, location: 2F
1-2: Ball
2-2: Ball
3-2: Strikes out swinging
Batting: RHB António Alvarado 0-0: Ball
1-0: Ground out 6-3 (Groundball, 6)
Bottom of the 2nd over - 0 run(s), 1 hit(s), 0 error(s), 2 left on base; Hamilton 0 - Houston 0
TOP OF THE 3RD
Hamilton Coyotes batting - Pitching for Houston BC : RHP Lester Sullivan
Batting: RHB Dan Bernard 0-0: Ball
1-0: Swinging Strike
1-1: Foul Ball, location: 2F
1-2: Foul Ball, location: 2F
1-2: Strikes out swinging
Batting: RHB Jesús Soto 0-0: Foul Ball, location: 2F
0-1: Swinging Strike
0-2: Foul Ball, location: 2F
0-2: Ball
1-2: Foul Ball, location: 2F
1-2: Fly out, F8 (Popup, 8RS)
Batting: RHB Ben Daniel 0-0: Ball
1-0: Called Strike
1-1: Called Strike
1-2: Strikes out swinging
Top of the 3rd over - 0 run(s), 0 hit(s), 0 error(s), 0 left on base; Hamilton 0 - Houston 0
BOTTOM OF THE 3RD
Houston BC batting - Pitching for Hamilton Coyotes : RHP R.J. Good
Batting: RHB Bobby Buck 0-0: Ball
1-0: Called Strike
1-1: Ball
2-1: Called Strike
2-2: Strikes out swinging
Batting: RHB José Muńóz 0-0: Ball
1-0: Ball
2-0: SINGLE (Line Drive, 6MD)
Batting: RHB Randy Gregory 0-0: Fly out, F8 (Flyball, 8LS)
Batting: LHB Yun Yen 0-0: Called Strike
José Muńóz steals 2nd base
0-1: Foul Ball, location: 2F
0-2: Strikes out looking
Bottom of the 3rd over - 0 run(s), 1 hit(s), 0 error(s), 1 left on base; Hamilton 0 - Houston 0
TOP OF THE 4TH
Hamilton Coyotes batting - Pitching for Houston BC : RHP Lester Sullivan
Batting: RHB Barry Welch 0-0: Fly out, F8 (Flyball, 8LM)
Batting: RHB Ralph May 0-0: Ball
1-0: Foul Ball, location: 2F
1-1: Called Strike
1-2: Fly out, F6 (Popup, 6D)
Batting: RHB Carlos Mercado 0-0: Ground out 4-3 (Groundball, 4)
Top of the 4th over - 0 run(s), 0 hit(s), 0 error(s), 0 left on base; Hamilton 0 - Houston 0
BOTTOM OF THE 4TH
Houston BC batting - Pitching for Hamilton Coyotes : RHP R.J. Good
Batting: LHB Jesús Reyes 0-0: Swinging Strike
0-1: Ball
1-1: Called Strike
1-2: Strikes out looking
Batting: RHB Micah Miller 0-0: Ball
1-0: Swinging Strike
1-1: Ball
2-1: Swinging Strike
2-2: Ball
3-2: Foul Ball, location: 2F
3-2: Foul Ball, location: 2F
3-2: Base on Balls
Batting: LHB António Rivera 0-0: Ball
1-0: Ball
2-0: Called Strike
2-1: Ball
3-1: Fly out, F9 (Flyball, 9M)
Batting: RHB Ludovico Trezza 0-0: Called Strike
0-1: Ball
1-1: Ground out 4-3 (Groundball, 34)
Bottom of the 4th over - 0 run(s), 0 hit(s), 0 error(s), 1 left on base; Hamilton 0 - Houston 0
TOP OF THE 5TH
Hamilton Coyotes batting - Pitching for Houston BC : RHP Lester Sullivan
Batting: RHB Quinn Johnson 0-0: Fly out, F8 (Flyball, 78M)
Batting: LHB Lance Schiffer 0-0: Called Strike
0-1: Fly out, F9 (Flyball, 9M)
Batting: RHB Dan Holliday 0-0: Swinging Strike
0-1: Fly out, F2 (Popup, 15S)
Top of the 5th over - 0 run(s), 0 hit(s), 0 error(s), 0 left on base; Hamilton 0 - Houston 0
BOTTOM OF THE 5TH
Houston BC batting - Pitching for Hamilton Coyotes : RHP R.J. Good
Batting: RHB António Alvarado 0-0: Swinging Strike
0-1: Ball
1-1: Foul Ball, location: 2F
1-2: Ball
2-2: Strikes out looking
Batting: RHB Bobby Buck 0-0: Ball
1-0: Foul Ball, location: 2F
1-1: Ball
2-1: Ball
3-1: Swinging Strike
3-2: Foul Ball, location: 2F
3-2: Foul Ball, location: 2F
3-2: Base on Balls
Batting: RHB José Muńóz 0-0: Called Strike
0-1: Ball
1-1: Ball
2-1: Called Strike
2-2: SINGLE (Groundball, 5D)
Bobby Buck to second
Batting: RHB Randy Gregory 0-0: Grounds into double play, 4-6-3 (Groundball, 4)
Bottom of the 5th over - 0 run(s), 1 hit(s), 0 error(s), 1 left on base; Hamilton 0 - Houston 0
TOP OF THE 6TH
Hamilton Coyotes batting - Pitching for Houston BC : RHP Lester Sullivan
Batting: RHB Dan Bernard 0-0: Called Strike
0-1: Ball
1-1: Called Strike
1-2: SINGLE (Line Drive, 6MD)
Batting: RHB Jesús Soto 0-0: Ball
1-0: Fly out, F8 (Flyball, 8LM)
Batting: RHB Ben Daniel 0-0: Called Strike
Dan Bernard steals 2nd base
0-1: Ground out 1-3 (Groundball, 15S)
Batting: RHB Barry Welch 0-0: Called Strike
0-1: Called Strike
0-2: Fly out, F6 (Popup, 56)
Top of the 6th over - 0 run(s), 1 hit(s), 0 error(s), 1 left on base; Hamilton 0 - Houston 0
BOTTOM OF THE 6TH
Houston BC batting - Pitching for Hamilton Coyotes : RHP R.J. Good
Batting: LHB Yun Yen 0-0: Fly out, F8 (Flyball, 8LM)
Batting: LHB Jesús Reyes 0-0: Ball
1-0: Foul Ball, location: 2F
1-1: Foul Ball, location: 2F
1-2: Ball
2-2: Fly out, F4 (Line Drive, 4)
Batting: RHB Micah Miller 0-0: Swinging Strike
0-1: Ground out 6-3 (Groundball, 6)
Bottom of the 6th over - 0 run(s), 0 hit(s), 0 error(s), 0 left on base; Hamilton 0 - Houston 0
TOP OF THE 7TH
Hamilton Coyotes batting - Pitching for Houston BC : RHP Lester Sullivan
Batting: RHB Ralph May 0-0: Ball
1-0: Ball
2-0: Ball
3-0: Foul Ball, location: 2F
3-1: Called Strike
3-2: SINGLE (Popup, 6D)
Pinch Hitting: LHB Ralph Dunford 0-0: Ball
1-0: Called Strike
1-1: Swinging Strike
1-2: Strikes out swinging
Pinch Hitting: RHB Pete Knight 0-0: Called Strike
0-1: Ball
1-1: Foul Ball, location: 2F
1-2: Ball
2-2: Ball
3-2: Base on Balls
Ralph May to second
Batting: LHB Lance Schiffer 0-0: Ball
1-0: Foul Ball, location: 2F
1-1: Swinging Strike
1-2: Ball
2-2: Ball
3-2: Ground out U3 (Groundball, 3L)
Ralph May to third
Pete Knight to second
Batting: RHB Dan Holliday 0-0: Called Strike
0-1: Ball
1-1: Fly out, F3 (Line Drive, 3)
Top of the 7th over - 0 run(s), 1 hit(s), 0 error(s), 2 left on base; Hamilton 0 - Houston 0
BOTTOM OF THE 7TH
Houston BC batting - Pitching for Hamilton Coyotes : RHP R.J. Good
Now at 2B: Jon Erickson
Now at 3B: Jim Unknown
Batting: LHB António Rivera 0-0: Swinging Strike
0-1: Foul Ball, location: 2F
0-2: Foul Ball, location: 2F
0-2: SINGLE (Groundball, 6M) (infield hit)
Pitching: RHP Pablo Herrera
Pinch Runner at 1st Ángel González:
Batting: RHB Ludovico Trezza 0-0: Sac Bunt - play at second, runner OUT! 5-6
Batting: RHB António Alvarado 0-0: Ball
1-0: SINGLE (Line Drive, 9S)
Ludovico Trezza to second
Runner from 2nd tries for 3rd, SAFE, no throw or cutoff
Batting: RHB Bobby Buck 0-0: Ball
1-0: Called Strike
1-1: Ball
2-1: Foul Ball, location: 2F
2-2: Fly out, F8 (Flyball, 8RD)
Runner from 3rd tags up, SCORES, no throw
Batting: RHB José Muńóz 0-0: Called Strike
0-1: Ball
1-1: Ball
2-1: Foul Ball, location: 2F
2-2: Ball
3-2: Base on Balls
António Alvarado to second
Batting: RHB Randy Gregory 0-0: Called Strike
0-1: Ground out 5-3 (Groundball, 5S)
Bottom of the 7th over - 1 run(s), 2 hit(s), 0 error(s), 2 left on base; Hamilton 0 - Houston 1
TOP OF THE 8TH
Hamilton Coyotes batting - Pitching for Houston BC : RHP Lester Sullivan
Now at SS: Ángel González
Batting: RHB Dan Bernard 0-0: Called Strike
0-1: Ball
1-1: Ball
2-1: Called Strike
2-2: Strikes out swinging
Batting: RHB Jesús Soto 0-0: Ball
1-0: Ball
2-0: Fly out, F3 (Popup, 3S)
Batting: RHB Ben Daniel 0-0: Called Strike
0-1: Swinging Strike
0-2: Ball
1-2: Ball
2-2: Ground out 5-3 (Groundball, 15S)
Top of the 8th over - 0 run(s), 0 hit(s), 0 error(s), 0 left on base; Hamilton 0 - Houston 1
BOTTOM OF THE 8TH
Houston BC batting - Pitching for Hamilton Coyotes : RHP Pablo Herrera
Batting: LHB Yun Yen 0-0: Called Strike
0-1: Ground out 6-3 (Groundball, 6M)
Batting: LHB Jesús Reyes 0-0: Swinging Strike
0-1: Called Strike
0-2: Fly out, F8 (Flyball, 8RD)
Batting: RHB Micah Miller 0-0: Swinging Strike
0-1: Ball
1-1: Ground out 2-3 (Groundball, 23)
Bottom of the 8th over - 0 run(s), 0 hit(s), 0 error(s), 0 left on base; Hamilton 0 - Houston 1
TOP OF THE 9TH
Hamilton Coyotes batting - Pitching for Houston BC : RHP Lester Sullivan
Pitching: RHP Melvin Richards
Now at 3B: Paul Arthur
Batting: RHB Barry Welch 0-0: Fly out, F3 (Popup, 3S)
Batting: RHB Ralph May 0-0: Called Strike
0-1: Ball
1-1: Ground out 6-3 (Groundball, 6M)
Batting: RHB Jon Erickson 0-0: Ball
1-0: Ball
2-0: Foul Ball, location: 2F
2-1: Swinging Strike
2-2: Foul Ball, location: 2F
2-2: Ball
3-2: Strikes out swinging
Top of the 9th over - 0 run(s), 0 hit(s), 0 error(s), 0 left on base; Hamilton 0 - Houston 1
This league is powered by Out of the Park Baseball, the baseball management simulation game for PC, Mac and Linux
Friday, April 15th, 2016 - OOTP Baseball 16.9 Build 39